 Seeded DCSS version 0.25-a0-42-g6c54e25 (webtiles) character file.

Game seed: 5612735421312034376, levelgen mode: deterministic

57 Ayyar the Grave Robber (level 3, -3/26 HPs)
             Began as a Draconian Necromancer on Oct 22, 2019.
             Slain by an orc priest
             ... wielding a +0 flail
              (6 damage)
             ... on level 2 of the Dungeon.
             The game lasted 00:09:32 (1930 turns).

Ayyar the Grave Robber (Draconian Necromancer)      Turns: 1930, Time: 00:09:32

Health: -3/26      AC:  6    Str: 10    XL:     3   Next: 73%
Magic:  0/7        EV: 12    Int: 16    God:
Gold:   129        SH:  0    Dex: 11    Spells: 2/7 levels left

rFire    . . .     SeeInvis .   a - +0 mace
rCold    . . .     Gourm    .   (no shield)
rNeg     . . .     Faith    .   (armour unavailable)
rPois    .         Spirit   .   (helmet restricted)
rElec    .         Reflect  .   (no cloak)
rCorr    .         Harm     .   (no gloves)
MR       .....                  j - +0 pair of boots
Stlth    ++........             (no amulet)
HPRegen  0.08/turn              (no ring)
MPRegen  0.10/turn              (no ring)

@: no status effects
A: unfitting armour, cold-blooded, AC +5
a: no special abilities


You were on level 2 of the Dungeon.
You were not hungry.

You visited 1 branch of the dungeon, and saw 3 of its levels.

You collected 129 gold pieces.

Inventory:

Hand Weapons
 a - a +0 mace (weapon)
Missiles
 g - a throwing net (quivered)
Armour
 j - a +0 pair of boots (worn)
Scrolls
 d - a scroll of immolation {unknown}
 h - a scroll of remove curse {unknown}
 i - 3 scrolls of identify {unknown}
Potions
 c - a potion of resistance {unknown}
 e - a potion of curing {unknown}
 k - a potion of mutation {unknown}
Comestibles
 b - 2 rations
 f - 2 chunks of flesh


   Skills:
 - Level 1.7 Dodging
 - Level 1.7 Stealth
 + Level 2.7 Spellcasting
 * Level 5.0 Necromancy


You had 2 spell levels left.
You knew the following spells:

 Your Spells              Type           Power        Failure   Level  Hunger
a - Pain                  Necr           ###.         2%          1    #......
b - Animate Skeleton      Necr           N/A          2%          1    #......
c - Regeneration          Chrm/Necr      ##........   21%         3    ###....

Your spell library contained the following spells:

 Spells                   Type           Power        Failure   Level  Hunger
 Vampiric Draining        Necr           ###.......   8%          3    ###....
 Animate Dead             Necr           N/A          24%         4    #####..


Dungeon Overview and Level Annotations

Branches:
Dungeon (3/15)

Altars:
Cheibriados
Fedhas
Makhleb


Innate Abilities, Weirdness & Mutations

Your plain brown scales are hard. (AC +5)
You cannot fit into any form of body armour.
You are cold-blooded and may be slowed by cold attacks.


Message History

The orc priest looks encouraged for a moment.
Your kobold skeleton closely misses the orc priest.
The orc priest barely misses you.
You climb upwards.
There is a stone staircase leading down here.
You closely miss the orc priest.
The orc priest is lightly wounded.
The orc priest hits you with a +0 flail.
You sock the orc priest!
The orc priest is heavily wounded.
The orc priest hits you with a +0 flail!
* * * LOW HITPOINT WARNING * * *
Casting: Pain (safe; 2% risk of failure)
Confirm with . or Enter, or press ? or * to list all spells.
Aiming: Pain (safe; 2% risk of failure)
Press: ? - help, Shift-Dir - straight line, f - orc priest
Aim: an orc priest, wielding a +0 flail (heavily wounded, chance to defeat MR: 78%)
The orc priest barely resists.
The orc priest hits you with a +0 flail.
You die...

#..#########..# #.# #.#
#.## #........(....#
#.# #Z###..#
...#######..#######.###
#..PP..#
(.##..................#
#..PPP.#
#.##.#####..#######...#
#.PP_PP# #.##.# #.>#
###.###.P.PPP# .....#
#..# #.#....PPP.#
.....#
#.)#########.#.#......#
####.#
#.....)@o.............#
..##.#
#..............##.##..#
..[#.#
#............####.##..#
...#.#####...########.#
#.##..# ......Z......#
#.# #.....#
...#..####.#.# #.#
#รท##.## ...#..# #.#.#
#.# #..#.# ..##..#
#.#.# #.####..#.#
####..# #.#.#
#.......#.#


You could see an orc priest.

Vanquished Creatures
  5 dart slugs
  A leopard gecko (D:2)
  3 ball pythons
  A giant cockroach (D:2)
  3 goblins (D:1)
  6 hobgoblins
  5 kobolds
  5 bats (D:1)
  A frilled lizard (D:1)
  4 rats
34 creatures vanquished.

Vanquished Creatures (collateral kills)
  An adder (D:2)
  A giant cockroach (D:3)
  A hobgoblin (D:1)
  A kobold (D:2)
4 creatures vanquished.

Grand Total: 38 creatures vanquished

Notes
Turn   | Place    | Note
-------+----------+-------------------------------------------
     0 | D:1      | Ayyar the Draconian Necromancer began the quest for the
                  | Orb.
     0 | D:1      | Reached XP level 1. HP: 14/14 MP: 3/3
   269 | D:1      | Reached XP level 2. HP: 15/20 MP: 5/5
   387 | D:1      | Learned a level 1 spell: Animate Skeleton
  1290 | D:2      | Reached XP level 3. HP: 21/26 MP: 1/6
  1330 | D:2      | Found a blossoming altar of Fedhas.
  1356 | D:2      | Found a blossoming altar of Fedhas.
  1409 | D:2      | Found a snail-covered altar of Cheibriados.
  1508 | D:2      | Learned a level 3 spell: Regeneration
  1552 | D:2      | Found a burning altar of Makhleb.
  1780 | D:2      | Reached skill level 5 in Necromancy
  1930 | D:2      | Slain by an orc priest

Levels and vault maps discovered:
D:1:      dpeg_arrival_arbitrary_a, layout_basic
D:2:      layout_loops_ring, nicolae_overflow_crystal_walls,
          overflow_temple_1_default, old_standard_altar, fedhas_altar_3
D:3:      layout_basic, uniq_robin

Skill      XL: |  1  2  3 |
---------------+----------+-----
Necromancy     | 5 |  5.0
Dodging        | |  1.7
Stealth        | |  1.7
Spellcasting   | |  2.7

Action                   || total
-------------------------++-------
Melee: Mace              ||    40
       Tailslap          ||     3
 Cast: Pain              ||    50
       Animate Skeleton  ||     7
 Stab: Sleeping          ||     1
  Eat: Chunk             ||     4
Armor: Skin              ||    17
Dodge: Dodged            ||    43

Table legend:
 A = Non-vault XP
 B = Vault XP
 C = Vault XP percentage of total XP
 D = Non-vault monster count
 E = Vault monster count
 F = Vault count percentage of total count
                 A         B        C        D         E       F
            +---------+---------+-------+---------+---------+-------
      Total |      82 |       0 |   0.0 |      38 |       0 |   0.0
            +---------+---------+-------+---------+---------+-------
        D:1 |      34 |       0 |   0.0 |      20 |       0 |   0.0
        D:2 |      43 |       0 |   0.0 |      15 |       0 |   0.0
        D:3 |       5 |       0 |   0.0 |       3 |       0 |   0.0
            +---------+---------+-------+---------+---------+-------
